 Dungeon Crawl Stone Soup version 0.30-a0-778-g2ef04afb54 (webtiles) character file.

Game seed: 17197512000939913429

226 octoduck the Insei (level 6, -12/43 HPs)
             Began as a Merfolk Transmuter on Feb 15, 2023.
             Was an Initiate of Cheibriados.
             Mangled by an ogre
             ... wielding a +0 giant club
              (32 damage)
             ... on level 4 of the Dungeon.
             The game lasted 00:12:21 (4905 turns).

octoduck the Insei (Merfolk Transmuter)             Turns: 4905, Time: 00:12:22

Health: -12/43     AC:  5    Str: 14    XL:     6   Next: 1%
Magic:  9/9        EV: 13    Int: 13    God:    Cheibriados [......]
Gold:   125        SH:  0    Dex: 15    Spells: 8/9 levels left

rFire   . . .      SeeInvis .      - Unarmed
rCold   . . .      Faith    .    (no shield)
rNeg    . . .      Spirit   .    i - +0 leather armour
rPois   .          Reflect  .    (no helmet)
rElec   .          Harm     .    c - +0 cloak
rCorr   .          Rampage  .    (no gloves)
Will    .....                    k - +0 pair of boots {Fly}
Stlth   +                        (no amulet)
HPRegen 0.27/turn                (no ring)
MPRegen 0.11/turn                (no ring)

@: flying, very slow
A: (nimble swimmer 2), mertail
a: Renounce Religion


You were on level 4 of the Dungeon.
You worshipped Cheibriados.
Cheibriados was noncommittal.
You visited 1 branch of the dungeon, and saw 4 of its levels.

You collected 173 gold pieces.
You spent 48 gold pieces at shops.

Inventory:

Missiles
 f - 7 poisoned darts
 l - 4 boomerangs
Armour
 a - a +0 robe
 c - a +0 cloak (worn)
 d - a +0 chain mail
 e - a +0 plate armour
 i - a +0 leather armour (worn)
 k - a +0 pair of boots of flying (worn)
Scrolls
 g - a scroll of immolation {unknown}
 j - a scroll of teleportation
 m - a scroll of fog {unknown}
 o - a scroll of enchant weapon {unknown}
 q - a scroll of blinking
 r - a scroll of magic mapping {unknown}
 s - a scroll of summoning {unknown}
 w - a scroll of identify
Potions
 b - a potion of lignification
 h - 3 potions of flight
 n - 2 potions of might {unknown}
 p - a potion of brilliance {unknown}
 t - a potion of heal wounds {unknown}
 u - 2 potions of invisibility {unknown}
 v - a potion of curing


   Skills:
 - Level 1.1 Fighting
 + Level 5.0 Dodging
 * Level 6.1 Unarmed Combat
 - Level 2.0 Spellcasting
 - Level 2.6 Transmutations


You had 8 spell levels left.
You knew the following spells:

 Your Spells              Type           Power      Damage    Failure   Level
a - Beastly Appendage     Tmut           16%        N/A       11%         1

Your spell library contained the following spells:

 Spells                   Type           Power      Damage    Failure   Level
 Wereblood                Tmut           8%         N/A       16%         2
 Spider Form              Tmut/Pois      4%         N/A       50%         3
 Frozen Ramparts          Ice            2%         1d1       67%         3
 Ice Form                 Ice/Tmut       4%         N/A       88%         4
 Summon Ice Beast         Ice/Summ       1%         N/A       97%         4


Dungeon Overview and Level Annotations

Branches:
Dungeon (4/15)
 Temple: D:4-7

Altars:
Cheibriados

Shops:
D:3 ?

Annotations:
D:4 3 runed translucent doors, necrobotica's ghost, amateur GrEE


Innate Abilities, Weirdness & Mutations

((You are very nimble when in or above water. (Stealth+, EV+, Speed+++)))
Your lower body shifts to a powerful aquatic tail in water.


Message History

You hit the adder.
The adder is heavily wounded.
The adder bites you but does no damage.
You punch the adder!
You kill the adder!
Cheibriados appreciates the change of pace.
You have reached level 6!
You start resting.
Your transformation is almost over.
An ogre is nearby!
You see here an adder corpse.
Okay, then.
You aren't carrying any items that you can evoke.
Throw: 8 darts (poison)
Press: ? - help, Shift-Dir - straight line, f - ogre
Aim: an ogre, wielding a +0 giant club (wandering, hasn't noticed you, 73% to hit)
You throw a poisoned dart. The poisoned dart hits the ogre.
The ogre is poisoned.
The ogre shouts!
Your horns disappear.
Your +0 pair of boots of flying unmelds from your body.
You fly up into the air.
You barely miss the ogre. Your punch misses the ogre.
The ogre barely misses you.
You hit the ogre.
The ogre is moderately wounded.
You hit the ogre but do no damage.
The ogre is moderately wounded.
The ogre closely misses you.
You hit the ogre but do no damage. You punch the ogre.
The ogre is moderately wounded.
You closely miss the ogre.
The ogre is moderately wounded.
The ogre hits you with a +0 giant club!!
Ouch! That really hurt!
You hit the ogre but do no damage.
The ogre is moderately wounded.
The ogre hits you with a +0 giant club!!
Ouch! That really hurt!
You die...

#.........# #.........#
#....O....# ########
#........'
#......####+##...##...#
#...........##...##...#
#.................#...#
#...............).#...#
#.....@##.........#...#
#.....O##....(....#...#
#......(.O..###+###...#
#...........# #
#...........+ #
#......##...# #
############# # # #


You could see an ogre (poisoned).

Vanquished Creatures
  A hound (D:4)
  A jelly (D:3)
  An orc wizard (D:3)
  4 gnolls
  3 adders
  A worm (D:2)
  2 dart slugs (D:1)
  3 orcs (D:3)
  12 endoplasms
  3 giant cockroaches
  8 goblins
  3 hobgoblins
  4 quokkas
  5 ball pythons
  5 bats
  2 frilled lizards
  6 kobolds
  4 rats
68 creatures vanquished.

Notes
Turn   | Place    | Note
-------+----------+-------------------------------------------
     0 | D:1      | octoduck the Merfolk Transmuter began the quest for the
                  | Orb.
     0 | D:1      | Reached XP level 1. HP: 15/15 MP: 3/3
   316 | D:1      | Reached XP level 2. HP: 21/21 MP: 5/5
   509 | D:1      | Reached skill level 4 in Unarmed Combat
   600 | D:1      | Reached XP level 3. HP: 26/26 MP: 6/6
  2265 | D:3      | Noticed an ice beast
  2299 | D:3      | HP: 1/26 [ice beast (12)]
  2393 | D:3      | Reached XP level 4. HP: 31/32 MP: 5/7
  2528 | D:3      | Reached skill level 5 in Unarmed Combat
  2694 | D:3      | Found Duopry's Magic Scroll Emporium.
  2702 | D:3      | Bought a scroll of identify for 24 gold pieces
  2702 | D:3      | Bought a scroll of identify for 24 gold pieces
  2971 | D:3      | Found a faded altar of an unknown god.
  3788 | D:3      | Reached XP level 5. HP: 32/37 MP: 8/8
  4149 | D:4      | Identified the +10 war axe "Acreph" {flame, Contam rN+
                  | Str+3 Int+5}
  4399 | D:4      | Noticed necrobotica's ghost (amateur GrEE)
  4400 | D:4      | Noticed an ice beast
  4415 | D:4      | Found a snail-covered altar of Cheibriados.
  4426 | D:4      | Became a worshipper of Cheibriados the Contemplative
  4672 | D:4      | Found a runed translucent gate.
  4686 | D:4      | Found a runed translucent gate.
  4686 | D:4      | Found a runed translucent gate.
  4703 | D:4      | Reached skill level 5 in Dodging
  4703 | D:4      | Reached skill level 6 in Unarmed Combat
  4868 | D:4      | Noticed an ogre
  4888 | D:4      | Reached XP level 6. HP: 43/43 MP: 7/9
  4905 | D:4      | Mangled by an ogre

Illustrated notes

Levels and vault maps discovered:
D:1:      wander_arrival_desolate, layout_loops_corners, nrook_loot_triangle
D:2:      layout_loops_corners, nicolae_elevator_lobby_asterisk
D:3:      layout_basic, serial_shops, nicolae_diamond_shop,
          shapermc_ecumenical_altar_mp_vishouse, minmay_box_of_dots
D:4:      layout_gridville, cheibriados_altar_1, gammafunk_ghost_icy,
          uniq_edmund

Skill      XL: |  1  2  3  4  5 |
---------------+----------------+-----
Dodging        | 3 4 5 |  5.0
Unarmed Combat | 4 5 6 |  6.1
Fighting       | |  1.1
Spellcasting   | |  2.0
Transmutations | |  2.6

Action                     |  1- 3 |  4- 6 || total
---------------------------+-------+-------++-------
  Melee: Unarmed           |   166 |    88 ||   254
         Headbutt          |     6 |    10 ||    16
         Punch             |     1 |    10 ||    11
  Throw: Dart              |       |     1 ||     1
   Cast: Beastly Appendage |    17 |    13 ||    30
    Use: Scroll            |     3 |     4 ||     7
         Potion            |     1 |     2 ||     3
   Stab: Sleeping          |     1 |       ||     1
 Armour: Plate armour      |    41 |       ||    41
         Leather armour    |    22 |    17 ||    39
  Dodge: Dodged            |    64 |    56 ||   120

Table legend: (Time is in decaauts)
 A = Elapsed time spent in this place.
 B = Non-inter-level travel time spent in this place.
 C = Inter-level travel time spent in this place.
 D = Time resting spent in this place.
 E = Time spent auto-exploring this place.
 F = Levels seen in this place.
 G = Mean time per level.
                   A        B        C        D        E       F      G
               +--------+--------+--------+--------+--------+-----+--------+
         Total |   4954 |   4506 |    448 |   1052 |   2366 |   4 | 1238.5 |
       Dungeon |   4954 |   4506 |    448 |   1052 |   2366 |   4 | 1238.5 |
               +--------+--------+--------+--------+--------+-----+--------+

Top non-repeatable levels by time:
     D:3: 1988 daAuts
     D:1: 1135 daAuts
     D:2: 1112 daAuts
     D:4: 717 daAuts
